 Dungeon Crawl Stone Soup version 0.14-a0-1266-g856eec9 (webtiles) character file.

166 PolkaDot the Ruinous (level 3, -2/24 HPs)
             Began as a Vampire Conjurer on Dec 3, 2013.
             Slain by an orc
             ... wielding a +1,+0 orcish hand axe of chopping
              (3 damage)
             ... while paralysed by a potion of paralysis
             ... on Level 3 of the Dungeon.
             The game lasted 00:05:33 (1657 turns).

PolkaDot the Ruinous (Vampire Conjurer)             Turns: 1657, Time: 00:05:34

HP  -2/24        AC  4     Str  7      XL: 3   Next: 89%
MP   6/6         EV  2     Int 18      God:
Gold 103         SH  0     Dex 14      Spells:  2 memorised,  3 levels left

rFire  . . .     SeeInvis +     i - -2,-1 dagger (curse)
rCold  . . .     Clarity  .     a - +0 robe
rNeg   . . .     Conserve .     (no shield)
rPois  .         rCorr    .     e - +2 wizard hat
rElec  .         rRot     .     (no cloak)
SustAb . .       Spirit   .     (no gloves)
rMut   .         Warding  .     (no boots)
Saprov . . .     Stasis   .     (no amulet)
                                (no ring)
                                (no ring)

@: paralysed, regenerating quickly, slightly resistant to hostile enchantments,
stealthy
A: fangs 3, see invisible, unbreathing
a: no special abilities


You were on level 3 of the Dungeon.
You were very full.

You visited 1 branch of the dungeon, and saw 3 of its levels.

You collected 103 gold pieces.

Inventory:

Hand weapons
 d - a +0,+0 short sword
 f - a cursed -3,-1 short sword
 i - a cursed -2,-1 dagger (weapon)
 j - a +0,+0 elven long sword
Armour
 a - a +0 robe (worn)
 e - a +2 wizard hat (worn)
Potions
 b - a potion of blood
 k - a potion of restore abilities {unknown}
Books
 c - a book of Conjurations

   Spells                             Type                      Level
   *Magic Dart                        Conjuration                  1
   *Searing Ray                       Conjuration                  2
   Dazzling Spray                     Conjuration/Hexes            3
   Iskenderun's Mystic Blast          Conjuration                  4
   Iskenderun's Battlesphere          Conjuration/Charms           4
   Fulminant Prism                    Conjuration/Hexes            5


   Skills:
 - Level 2.1 Dodging
 - Level 3.0 Stealth
 - Level 2.0 Spellcasting
 * Level 4.1 Conjurations


You had 3 spell levels left.
You knew the following spells:

 Your Spells              Type           Power        Failure   Level  Hunger
a - Magic Dart            Conj           ###.         3%          1    #......
s - Searing Ray           Conj           ###...       6%          2    ##.....


Dungeon Overview and Level Annotations

Branches:
Dungeon (3/16)

Altars:


Innate Abilities, Weirdness & Mutations

Your natural rate of healing is unusually fast.
You have razor-sharp teeth.*
You have supernaturally acute eyesight.
You can survive without breathing.*


Message History

The orc wizard blinks!
You barely miss the orc wizard. You bite the orc wizard.
The orc wizard is moderately wounded.
The orc wizard points at you and mumbles some strange words.
The magic dart hits you!
You barely miss the orc wizard.
The orc wizard is moderately wounded.
The orc wizard hits you but does no damage.
The orc wizard hits you with an orcish dagger.
Read which item? (? for menu, Esc to quit)
As you read the scroll labeled TRIDIKL YRGHOXOIMU, it crumbles to dust.
You feel aware of your surroundings.
It was a scroll of magic mapping.
The orc wizard barely misses you.
Drink which item? (? for menu, Esc to quit)
You suddenly lose the ability to move!
It was a potion of paralysis.
The orc wizard mumbles some strange words.
The orc wizard blinks!
The orc hits you with a runed orcish hand axe!
* * * LOW HITPOINT WARNING * * *
You die...

######.####### *,*
#.# *,* #.# *,* #.#
*,* #o# *,, #.#
****** #.# *,,,,,
#ยง# *,,,,, #@###
*,,,,, #oo.# *,,,,,
###.# *,,,,, #o#
***** #.# #o# # #o##
# #o.# #
######o#############


You could see an orc wizard and 3 orcs.

Vanquished Creatures
  3 adders (D:2)
  A giant gecko (D:3)
  2 ball pythons
  A giant cockroach (D:3)
  3 goblins (D:1)
  5 hobgoblins
  4 bats
  A giant newt (D:1)
  5 kobolds
  9 rats
34 creatures vanquished.

Notes
Turn   | Place    | Note
--------------------------------------------------------------
     0 | D:1      | PolkaDot, the Vampire Conjurer, began the quest for the Orb.
     0 | D:1      | Reached XP level 1. HP: 13/13 MP: 3/3
   384 | D:1      | Reached XP level 2. HP: 19/19 MP: 4/4
   397 | D:1      | Learned a level 2 spell: Searing Ray
  1068 | D:2      | Reached XP level 3. HP: 24/24 MP: 1/6
  1175 | D:2      | Reached skill level 4 in Conjurations
  1657 | D:3      | Paralysed by a potion of paralysis for 6 turns
  1657 | D:3      | HP: 1/24 [orc/runed orcish hand axe (7)]
  1657 | D:3      | Slain by an orc

Action                   || total
-------------------------++-------
Melee: Short sword       ||    65
       Dagger            ||    58
 Cast: Magic Dart        ||     8
       Searing Ray       ||     3
  Use: Scroll            ||     2
       Potion            ||     1
 Stab: Sleeping          ||     6
